 Dungeon Crawl Stone Soup version 0.31-a0-662-g684573625c (webtiles) character file.

Game seed: 14304400663933118514

233 rjrrt the Chopper (level 5, -1/41 HPs)
             Began as a Demonspawn Berserker on Sept 1, 2023.
             Was a Believer of Trog.
             Slain by an orc warrior
             ... wielding a +0 battleaxe
              (5 damage)
             ... on level 6 of the Dungeon.
             The game lasted 00:03:43 (1976 turns).

rjrrt the Chopper (Demonspawn Berserker)            Turns: 1976, Time: 00:03:44

Health: -1/41      AC: 10    Str: 19    XL:     5   Next: 74%
Magic:  5/5        EV:  8    Int:  9    God:    Trog [**....]
Gold:   145        SH:  0    Dex: 12    Spells: 4/4 levels left

rFire   . . .        a - +0 war axe (vamp)
rCold   . . .        (no shield)
rNeg    . . .        i - +0 chain mail
rPois   .            (helmet restricted)
rElec   .            (no cloak)
rCorr   .            (no gloves)
SInv    .            (no boots)
Will    .....        (no amulet) Stlth
                     (no ring)
HPRegen 0.26/turn    (no ring)
MPRegen 0.09/turn

%: no passive effects
@: no status effects
A: horns 1, yellow scales 1, spiny 1
a: Renounce Religion, Berserk, Trog's Hand


You were on level 6 of the Dungeon.
You worshipped Trog.
Trog was pleased with you.
You visited 1 branch of the dungeon, and saw 4 of its levels.

You collected 145 gold pieces.

Inventory:

Hand Weapons
 a - a +0 vampiric war axe (weapon)
 o - a +4 spear
Missiles
 k - a throwing net
Armour
 i - a +0 chain mail (worn)
Wands
 j - a wand of flame (18)
Scrolls
 b - 2 scrolls of brand weapon {unknown}
 c - 2 scrolls of identify {unknown}
 d - a scroll of blinking {unknown}
 e - a scroll of revelation {unknown}
 h - a scroll of fear {unknown}
 l - a scroll of teleportation {unknown}
 n - a scroll of acquirement {unknown}
Potions
 f - 2 potions of lignification {unknown}
 g - a potion of resistance {unknown}
 m - a potion of haste {unknown}


   Skills:
 - Level 3.0 Fighting
 + Level 6.0 Axes
 - Level 1.7 Armour
 - Level 1.7 Dodging


You had 4 spell levels left.
You didn't know any spells.
Your spell library was empty.

Dungeon Overview and Level Annotations

Branches:
Dungeon (3/15)

Altars:


Innate Abilities, Weirdness & Mutations

You have a pair of small horns on your head.
You are partially covered in yellow scales. (AC +2)
You are partially covered in sharp spines.


Message History

a +0 dagger; a +1 robe of fire resistance
Things that are here:
a +0 dagger; a +1 robe of fire resistance
Items here: )) [ ††.
A wight comes into view. It is wielding a +4 spear.
The wight barely misses you.
You hit the wight.
The wight is moderately damaged.
The wight hits you but does no damage.
You hit the wight. You headbutt the wight.
The wight is severely damaged.
The wight hits you with a +4 spear.
You barely miss the wight.
The wight is severely damaged.
The wight closely misses you.
You slash the wight!
You destroy the wight!
Trog accepts your kill.
Your Axes skill increases to level 6!
Things that are here:
a +4 spear; a +0 robe
o - a +4 spear You start resting.
An orc warrior comes into view. It is wielding a +0 battleaxe.
The orc warrior shouts!
You hear a shout!
An orc comes into view. It is wielding a +0 hand axe.
Items here: )) [ ††.
The orc warrior is struck by your spines.
The orc warrior hits you with a +0 battleaxe!
You closely miss the orc warrior. Your headbutt misses the orc warrior.
The orc warrior is lightly wounded.
The orc warrior hits you with a +0 battleaxe!
You hit the orc warrior.
You feel better.
The orc warrior is moderately wounded.
The orc warrior is struck by your spines.
The orc warrior hits you with a +0 battleaxe!
* * * LOW HITPOINT WARNING * * *
The orc warrior is struck by your spines.
The orc warrior hits you with a +0 battleaxe.
You die...

### ### #.###.#
#oo@..#
#)###.###########
#.# #..†........#
#.# #####..####.
#.# #..### #.#
#..l.# #o#
###.#.##.##
#.....#
#..........
#...###
#.≈≈≈≈≈≈≈.≈


You could see an orc warrior and an orc.

Vanquished Creatures
  A wight (D:6)
  An iguana (D:6)
  3 orc wizards
  3 adders
  A dart slug (D:1)
  4 orcs
  5 endoplasms
  2 giant cockroaches (D:2)
  5 goblins
  5 hobgoblins
  3 quokkas
  3 ball pythons
  8 bats
  4 frilled lizards
  2 kobolds
  2 rats
52 creatures vanquished.

Notes
Turn   | Place    | Note
-------+----------+-------------------------------------------
     0 | D:1      | rjrrt the Demonspawn Berserker began the quest for the Orb.
     0 | D:1      | Reached XP level 1. HP: 18/18 MP: 1/1
   238 | D:1      | Reached skill level 3 in Axes
   447 | D:1      | Gained mutation: You are partially covered in sharp spines.
                  | [demonic ancestry]
   447 | D:1      | Reached XP level 2. HP: 24/24 MP: 2/2
   987 | D:2      | Reached XP level 3. HP: 27/29 MP: 3/3
  1005 | D:2      | Reached skill level 4 in Axes
  1031 | D:2      | Reached ** piety under Trog
  1063 | D:2      | Found a faded altar of an unknown god.
  1719 | D:3      | Gained mutation: You are partially covered in yellow
                  | scales. (AC +2) [demonic ancestry]
  1719 | D:3      | Reached XP level 4. HP: 28/35 MP: 4/4
  1825 | D:3      | You fall into a shaft and drop 3 floors!
  1841 | D:6      | Reached skill level 5 in Axes
  1926 | D:6      | Gained mutation: You have a pair of small horns on your
                  | head. [demonic ancestry]
  1926 | D:6      | Reached XP level 5. HP: 38/41 MP: 5/5
  1950 | D:6      | Reached skill level 6 in Axes
  1966 | D:6      | Noticed an orc warrior
  1976 | D:6      | Slain by an orc warrior

Illustrated notes

Levels and vault maps discovered:
D:1:      reono_arrival_forest_river, layout_loops_ring, grunt_decor_fettered,
          minmay_split_cup_large
D:2:      layout_loops_ring, ebering_ecumenical_altar_box,
          wander_ebering_terrifying_dragon_lair
D:3:      layout_basic, mainiacjoe_overflow_brackets, kennysheep_generic_room_12
D:6:      layout_basic, fedhas_altar_4, mainiacjoe_overflow_catwalk_spiral

Skill      XL: |  1  2  3  4  5 |
---------------+----------------+-----
Axes           | 3 4 5 6 |  6.0
Fighting       | |  3.0
Armour         | |  1.7
Dodging        | |  1.7

Action                     |  1- 3 |  4- 6 || total
---------------------------+-------+-------++-------
  Melee: Hand axe          |    86 |     8 ||    94
         Punch             |     4 |       ||     4
         War axe           |       |    31 ||    31
         Headbutt          |       |     1 ||     1
 Invoke: Berserk           |       |     1 ||     1
   Stab: Sleeping          |     1 |       ||     1
 Armour: Animal skin       |    20 |       ||    20
         Ring mail         |    13 |       ||    13
         Chain mail        |    20 |    36 ||    56
  Dodge: Dodged            |    49 |     8 ||    57

Table legend: (Time is in decaauts)
 A = Elapsed time spent in this place.
 B = Non-inter-level travel time spent in this place.
 C = Inter-level travel time spent in this place.
 D = Time resting spent in this place.
 E = Time spent auto-exploring this place.
 F = Levels seen in this place.
 G = Mean time per level.
                   A        B        C        D        E       F      G
               +--------+--------+--------+--------+--------+-----+--------+
         Total |   2007 |   1998 |      9 |     79 |   1508 |   4 |  501.8 |
       Dungeon |   2007 |   1998 |      9 |     79 |   1508 |   4 |  501.8 |
               +--------+--------+--------+--------+--------+-----+--------+

Top non-repeatable levels by time:
     D:1: 847 daAuts
     D:2: 819 daAuts
     D:3: 185 daAuts
     D:6: 155 daAuts
